 Seeded DCSS version 0.27-a0-1232-gc6a4cbd (webtiles) character file.

Game seed: 3375557939289291370 (custom seed)

143 AmazingTV the Sneak (level 5, -4/27 HPs)
             Began as a Spriggan Abyssal Knight on June 8, 2021.
             Was a Priest of Lugonu.
             Killed by divine providence
             ... invoked by an orc priest
              (16 damage)
             ... on level 3 of the Dungeon.
             The game lasted 00:15:12 (2714 turns).

AmazingTV the Sneak (Spriggan Abyssal Knight)       Turns: 2714, Time: 00:15:12

Health: -4/27      AC:  2    Str:  9    XL:     5   Next: 4%
Magic:  7/7        EV: 32    Int: 14    God:    Lugonu [***...]
Gold:   162        SH:  0    Dex: 14    Spells: 4/4 levels left

rFire    . . .     SeeInvis +   a - +1 dagger (distort)
rCold    . . .     Faith    .   (shield restricted)
rNeg     . . .     Spirit   .   b - +0 robe
rPois    .         Reflect  .   (helmet restricted)
rElec    .         Harm     .   (no cloak)
rCorr    .         Rampage  .   (gloves unavailable)
Will     .....                  (boots unavailable)
Stlth    +++.......             g - amulet of the acrobat
HPRegen  0.09/turn              (no ring)
MPRegen  0.10/turn              (no ring)

@: acrobatic, very quick
A: very small, no large weapons, unfitting armour, see invisible, speed 3
a: Renounce Religion, Depart the Abyss, Bend Space, Banish


You were on level 3 of the Dungeon.
You worshipped Lugonu.
Lugonu was most pleased with you.
You visited 1 branch of the dungeon, and saw 3 of its levels.
You visited the Abyss 1 time.

You collected 162 gold pieces.

Inventory:

Hand Weapons
 a - a +1 dagger of distortion (weapon)
 c - a +1 hand axe
 d - a +0 dagger
 j - a +0 falchion
Missiles
 e - 83 stones
 o - 8 poisoned darts (quivered)
Armour
 b - a +0 robe (worn)
Jewellery
 g - an amulet of the acrobat (around neck)
 h - a ring of fire
Scrolls
 f - 6 scrolls of identify {unknown}
 i - a scroll of fog {unknown}
 k - a scroll of noise {unknown}
 l - a scroll of immolation {unknown}
 m - a scroll of vulnerability {unknown}
 n - a scroll of enchant armour {unknown}


   Skills:
 - Level 2.4 Fighting
 * Level 3.5 Short Blades
 - Level 1.5 Axes
 - Level 3.2 Dodging
 * Level 5.2 Stealth
 - Level 1.7 Invocations


You had 4 spell levels left.
You didn't know any spells.
Your spell library was empty.

Dungeon Overview and Level Annotations

Branches:
Dungeon (3/15)

Altars:
Qazlal
Vehumet

Shops:
D:2 [


Innate Abilities, Weirdness & Mutations

You are very small and have problems with some larger weapons.
You are too small for most types of armour.
You have supernaturally acute eyesight. (SInv)
You cover ground extremely quickly. (Speed+++)


Message History

You hit the jackal.
The jackal is moderately wounded.
The jackal misses you.
You closely miss the jackal.
The jackal is moderately wounded.
The jackal misses you.
You hit the jackal.
Space bends around the jackal.
The jackal is severely wounded.
The jackal bites you.
You hit the jackal but do no damage.
Space warps horribly around the jackal!
You kill the jackal!
Lugonu accepts your kill. The jackal completely misses you.
You barely miss the jackal.
The jackal bites you but does no damage.
You hit the jackal.
The jackal is moderately wounded.
The jackal closely misses you.
You hit the jackal but do no damage.
Space warps horribly around the jackal!
You kill the jackal!
Lugonu accepts your kill.
You see here a jackal corpse.
You barely miss the goblin. The goblin completely misses you.
You hit the goblin.
Space warps horribly around the goblin!
You kill the goblin!
Lugonu accepts your kill.
The orc shouts!
The orc priest completely misses you.
You hit the orc priest.
Space bends around the orc priest.
The orc priest is moderately wounded.
The orc priest invokes the aid of Beogh against you.
Beogh smites you!
Ouch! That really hurt!
Things that are here:
a +0 dagger; a goblin corpse The orc priest calls down the wrath of Beogh upon you.
Beogh smites you!
Ouch! That really hurt!
You die...

#......#.#.........#...? ......
...........###...#.#...# #......
............##.#.......####......
.............#.#.#.......##......
.............#........##.##......
.........†...#........##.##......
............##........##.........
......#......#.........†.........
......#......#..@....†##.........
......#......#.^...........#....#
......#......##.......##...#....#
......#......#......#......######
###...#......#......#...o..######
###...####.#........o)o...o......
..# #.#..................... ..#
###.#..................... ..#
#.......................#.


You could see an orc priest.

Vanquished Creatures
  An orc wizard (D:3)
  3 adders (D:2)
  2 worms (D:2)
  3 dart slugs
  2 orcs (D:3)
  3 bats
  6 endoplasms
  3 giant cockroaches
  6 goblins
  5 hobgoblins
  8 jackals
  2 quokkas
  3 ball pythons
  7 frilled lizards
  9 kobolds
  A rat (D:1)
64 creatures vanquished.

Notes
Turn   | Place    | Note
-------+----------+-------------------------------------------
     0 | Abyss:1  | AmazingTV the Spriggan Abyssal Knight began the quest for
                  | the Orb.
     0 | Abyss:1  | Reached XP level 1. HP: 11/11 MP: 3/3
    39 | D:1      | Escaped the Abyss
   277 | D:1      | Reached skill level 1 in Stealth
   295 | D:1      | Found a faded altar of an unknown god.
   301 | D:1      | Reached skill level 1 in Short Blades
   341 | D:1      | Reached XP level 2. HP: 13/16 MP: 4/4
   342 | D:1      | Reached skill level 2 in Stealth
   684 | D:1      | Reached skill level 3 in Stealth
   814 | D:1      | Reached XP level 3. HP: 19/19 MP: 5/5
   883 | D:1      | Reached ** piety under Lugonu
  1288 | D:2      | Reached skill level 4 in Stealth
  1288 | D:2      | Reached XP level 4. HP: 23/23 MP: 6/6
  1379 | D:2      | Found Reesocobb's Armour Boutique.
  2298 | D:3      | Found a radiant altar of Vehumet.
  2370 | D:3      | Found a stormy altar of Qazlal.
  2664 | D:3      | Reached skill level 5 in Stealth
  2664 | D:3      | Reached XP level 5. HP: 27/27 MP: 7/7
  2679 | D:3      | Reached *** piety under Lugonu
  2714 | D:3      | Killed from afar by an orc priest

Illustrated notes

Levels and vault maps discovered:
D:1:      dpeg_arrival_three_smaller_balls, layout_rooms,
          hellmonk_ecumenical_altar_prayer_group, minmay_split_cup_large
D:2:      layout_rooms, serial_shops, nicolae_shop_crystal
D:3:      layout_basic, lemuel_coloured_pillars_altar,
          nicolae_overflow_hidden_temple

Skill      XL: |  1  2  3  4 |
---------------+-------------+-----
Stealth        | 1 3 4 5 |  5.2
Short Blades   | 1 2 3 |  3.5
Fighting       | |  2.4
Axes           | |  1.5
Dodging        | |  3.2
Invocations    | |  1.7

Action                   |  1- 3 |  4- 6 || total
-------------------------+-------+-------++-------
Melee: Dagger            |    79 |    74 ||   153
Throw: Dart              |       |     5 ||     5
 Stab: Sleeping          |     5 |     4 ||     9
       Distracted        |     1 |       ||     1
Armor: Robe              |     3 |     6 ||     9
Dodge: Dodged            |    45 |    38 ||    83

Table legend: (Time is in decaauts)
 A = Elapsed time spent in this place.
 B = Non-inter-level travel time spent in this place.
 C = Inter-level travel time spent in this place.
 D = Time resting spent in this place.
 E = Time spent auto-exploring this place.
 F = Levels seen in this place.
 G = Mean time per level.
                   A        B        C        D        E       F      G
               +--------+--------+--------+--------+--------+-----+--------+
         Total |   2106 |   1935 |    171 |    944 |    484 |   4 |  526.5 |
       Dungeon |   2082 |   1911 |    171 |    944 |    462 |   3 |  694.0 |
         Abyss |     23 |     23 |      0 |      0 |     22 |   1 |   23.0 |
               +--------+--------+--------+--------+--------+-----+--------+

Top non-repeatable levels by time:
     D:2: 936 daAuts
     D:1: 826 daAuts
     D:3: 319 daAuts
 Abyss:1: 23 daAuts
